 Dungeon Crawl Stone Soup version 0.25-a0-1119-g28b6fd0c3b (webtiles) character file.

Game seed: 13638187578478360072, levelgen mode: deterministic

968 funkygono the Shield-Bearer (level 7, -2/91 HPs)
             Began as a Minotaur Fighter on May 17, 2020.
             Slain by a sky beast (6 damage)
             ... on level 5 of the Dungeon on May 18, 2020.
             The game lasted 00:07:56 (4766 turns).

funkygono the Shield-Bearer (Minotaur Fighter)      Turns: 4766, Time: 00:07:59

Health: -2/91      AC: 10    Str: 22    XL:     7   Next: 93%
Magic:  6/6        EV:  6    Int:  5    God:
Gold:   275        SH:  0    Dex: 10    Spells: 6/6 levels left

rFire    . . .     SeeInvis .   a - +0 flail
rCold    . . .     Gourm    .   c - +1 kite shield
rNeg     . . .     Faith    .   k - +0 chain mail
rPois    .         Spirit   .   (helmet restricted)
rElec    .         Reflect  +   (no cloak)
rCorr    .         Harm     .   (no gloves)
MR       .....                  (no boots)
Stlth    ..........             t - amulet of reflection
HPRegen  0.25/turn              g - ring of wizardry
MPRegen  0.10/turn              (no ring)

@: confused, berserking, very quick
A: retaliatory headbutt, horns 2
a: no special abilities


You were on level 5 of the Dungeon.
You were hungry.

You visited 1 branch of the dungeon, and saw 5 of its levels.

You collected 275 gold pieces.

Inventory:

Hand Weapons
 a - a +0 flail (weapon)
 q - the +3 dagger "Ymugaafe" {holy, rF++ Str-3 Int+3 Dex-2}
   (You found it on level 4 of the Dungeon)

   It has been blessed by the Shining One to cause great damage to the undead
   and demons.
   It affects your strength (-3).
   It affects your intelligence (+3).
   It affects your dexterity (-2).
   It greatly protects you from fire.
Missiles
 i - 10 sling bullets
 l - 55 bolts
 m - 36 arrows
Armour
 c - a +1 kite shield (worn)
 k - a +0 chain mail (worn)
 v - a +2 leather armour of poison resistance
Jewellery
 g - a ring of wizardry (left hand)
 t - an amulet of reflection (around neck)
Wands
 o - a wand of flame (35)
Scrolls
 h - a scroll of teleportation
 n - 5 scrolls of remove curse
 u - 2 scrolls of identify
Potions
 e - a potion of haste
 j - a potion of stabbing
 p - a potion of mutation
 s - a potion of invisibility {unknown}
 w - a potion of degeneration {unknown}
Comestibles
 b - 7 chunks of flesh
 f - 8 rations


   Skills:
 + Level 5.4 Fighting
 + Level 6.4 Maces & Flails
 + Level 6.0 Armour
 + Level 1.0 Dodging
 + Level 0.7 Stealth
 + Level 7.3 Shields


You had 6 spell levels left.
You didn't know any spells.
Your spell library was empty.

Dungeon Overview and Level Annotations

Branches:
Dungeon (5/15)
 Temple: D:4-7

Altars:
Elyvilon
Makhleb
Uskayaw
Vehumet


Innate Abilities, Weirdness & Mutations

You reflexively headbutt those who attack you in melee.
You have a pair of horns on your head.


Message History

You kill the orc wizard!
The orc wizard gestures at you while chanting.
The magic dart hits you. The orc hits you with a +0 whip.
Something hits you but does no damage.
You hit the ogre but do no damage. Your headbutt misses the ogre.
The orc wizard casts a spell at you.
You are confused.
The orc completely misses you. Something hits you. Something shocks you.
The ogre hits you with a +0 giant spiked club!!
* * * LOW HITPOINT WARNING * * *
The orc wizard points at you and mumbles some strange words.
The magic dart hits you but does no damage.
A red film seems to cover your vision as you go berserk!
You feel yourself moving faster!
You feel mighty! The orc hits you with a +0 whip.
* * * LOW HITPOINT WARNING * * *
Something hits you.
* * * LOW HITPOINT WARNING * * *
Something shocks you.
You die...

....>.............#.. #....#....#
.<##..##.........##.##.... ##...#
..##......#......#.....# ...#..
.......##.#...........# .....##.
...#..................##.........
..##..#..........♣.........##....
......##...........♣.............
......###.......♣%♣...... ......
#......##.......@{.♣..... ......
......##.......Ooo.....%. ..#...
......................... ..
.........#......#..###... .
.......#.#..........# ##
..........#...........
.#..≈.....#........... ##..≈..#.
............# .≈...#
..#.........#


You could see an ogre, an orc wizard and an orc.

Vanquished Creatures
  An ogre (D:4)
  2 phantoms
  A gnoll sergeant (D:5)
  A howler monkey (D:5)
  A hound (D:5)
  2 jellies (D:5)
  A bullfrog skeleton (D:4)
  2 orc priests (D:5)
  4 orc wizards
  A centaur skeleton (D:5)
  3 iguanas
  A worker ant (D:3)
  A hound skeleton (D:5)
  3 gnolls (D:5)
  5 adders
  A shadow imp (D:5)
  An ooze (D:4)
  An adder zombie (D:5)
  An adder skeleton (D:4)
  A dart slug (D:1)
  2 leopard geckos (D:2)
  7 orcs
  2 giant cockroaches (D:1)
  7 goblins
  7 hobgoblins
  7 kobolds
  A quokka (D:2)
  2 ball pythons
  2 bats
  5 frilled lizards
  A leopard gecko skeleton (D:5)
  A quokka skeleton (D:4)
  8 rats
86 creatures vanquished.

Vanquished Creatures (others)
  An orc wizard (D:3)
1 creature vanquished.

Grand Total: 87 creatures vanquished

Notes
Turn   | Place    | Note
-------+----------+-------------------------------------------
     0 | D:1      | funkygono the Minotaur Fighter began the quest for the Orb.
     0 | D:1      | Reached XP level 1. HP: 19/19 MP: 0/0
   140 | D:1      | Reached skill level 4 in Shields
   142 | D:1      | Reached XP level 2. HP: 22/27 MP: 1/1
  1075 | D:2      | Reached XP level 3. HP: 24/33 MP: 2/2
  2156 | D:3      | Found a burning altar of Makhleb.
  2263 | D:3      | Reached XP level 4. HP: 37/40 MP: 3/3
  2524 | D:3      | Found a white marble altar of Elyvilon.
  2660 | D:3      | Reached skill level 5 in Shields
  2667 | D:3      | Reached XP level 5. HP: 23/46 MP: 4/4
  3143 | D:4      | Got a steaming dagger
  3168 | D:4      | Identified the +3 dagger "Ymugaafe" {holy, rF++ Str-3 Int+3
                  | Dex-2} (You found it on level 4 of the Dungeon)
  3370 | D:4      | Found a hide-covered altar of Uskayaw.
  3592 | D:4      | Noticed a phantom
  3617 | D:4      | Killed a phantom
  3617 | D:4      | Reached skill level 5 in Armour
  3617 | D:4      | Reached XP level 6. HP: 20/53 MP: 5/5
  3827 | D:4      | Reached skill level 5 in Maces & Flails
  3987 | D:4      | Found a radiant altar of Vehumet.
  4103 | D:5      | Entered Level 5 of the Dungeon
  4125 | D:5      | Reached skill level 6 in Shields
  4131 | D:5      | Reached XP level 7. HP: 30/60 MP: 6/6
  4334 | D:5      | Reached skill level 5 in Fighting
  4697 | D:5      | Reached skill level 7 in Shields
  4762 | D:5      | Reached skill level 1 in Dodging
  4766 | D:5      | HP: 4/91 [something (4)]
  4766 | D:5      | Slain by a sky beast

Illustrated notes

Levels and vault maps discovered:
D:1:      heliophobic_arrival_enchanted_forest, layout_basic
D:2:      layout_loops_ring, kennysheep_generic_room_15
D:3:      layout_loops_corners, old_standard_altar, elyvilon_altar_5,
          first_ration
D:4:      layout_cave_pods, vehumet_altar_wand_db, old_standard_altar
D:5:      layout_cave_pools, minmay_temple_entry_enclosed_plants,
          chequers_garden, grunt_ministairs_15, chequers_serial_rivers_micro_c

Skill      XL: |  1  2  3  4  5  6  7 |
---------------+----------------------+-----
Shields        | 4 5 6 7 |  7.3
Armour         | 4 5 6 |  6.0
Fighting       | 4 5 |  5.4
Maces & Flails | 3 4 5 6 |  6.4
Dodging        | 1 |  1.0
Stealth        | |  0.7

Action                   |  1- 3 |  4- 6 |  7- 9 || total
-------------------------+-------+-------+-------++-------
Melee: Flail             |   101 |   121 |    78 ||   300
       Headbutt          |    14 |    18 |    15 ||    47
  Use: Scroll            |     4 |     3 |       ||     7
       Potion            |       |       |     2 ||     2
  Eat: Chunk             |     4 |     6 |     2 ||    12
Armor: Scale mail        |    10 |       |       ||    10
       Chain mail        |    32 |    34 |    44 ||   110
Dodge: Dodged            |    16 |    19 |    16 ||    51
Block: Kite shield       |    65 |    96 |    53 ||   214
       Reflection        |       |     2 |       ||     2

Table legend:
 A = Non-vault XP
 B = Vault XP
 C = Vault XP percentage of total XP
 D = Non-vault monster count
 E = Vault monster count
 F = Vault count percentage of total count
                 A         B        C        D         E       F
            +---------+---------+-------+---------+---------+-------
      Total |    1211 |     172 |  12.4 |      79 |       8 |   9.2
            +---------+---------+-------+---------+---------+-------
        D:1 |      37 |       0 |   0.0 |      22 |       0 |   0.0
        D:2 |      30 |       1 |   3.2 |      10 |       1 |   9.1
        D:3 |     141 |       0 |   0.0 |      16 |       0 |   0.0
        D:4 |     406 |       2 |   0.5 |      13 |       1 |   7.1
        D:5 |     597 |     169 |  22.1 |      18 |       6 |  25.0
            +---------+---------+-------+---------+---------+-------
